 Dungeon Crawl Stone Soup version 0.27-a0-1529-g1e82c303ef (webtiles) character file.

Game seed: 5570983818353392405

84 Morbidden the Skirmisher (level 4, -1/35 HPs)
             Began as a Demonspawn Fighter on July 12, 2021.
             Slain by Natasha (5 damage)
             ... on level 2 of the Dungeon.
             The game lasted 00:02:03 (1192 turns).

Morbidden the Skirmisher (Demonspawn Fighter)       Turns: 1192, Time: 00:02:04

Health: -1/35      AC:  8    Str: 16    XL:     4   Next: 23%
Magic:  4/5        EV:  8    Int: 10    God:
Gold:   66         SH:  9    Dex: 13    Spells: 4/4 levels left

rFire    + . .     SeeInvis .   a - +0 long sword
rCold    . . .     Faith    .   c - +0 kite shield
rNeg     . . .     Spirit   .   d - +0 ring mail {rF+}
rPois    .         Reflect  .   g - +0 helmet
rElec    .         Harm     .   (no cloak)
rCorr    .         Rampage  .   (no gloves)
Will     .....                  (no boots)
Stlth    +.........             (no amulet)
HPRegen  0.11/turn              (no ring)
MPRegen  0.09/turn              (no ring)

@: hasted and slowed
A: hooves 2, molten scales 1
a: no special abilities


You were on level 2 of the Dungeon.
You visited 1 branch of the dungeon, and saw 2 of its levels.

You collected 66 gold pieces.

Inventory:

Hand Weapons
 a - a +0 long sword (weapon)
Missiles
 j - 5 silver javelins (quivered)
Armour
 c - a +0 kite shield (worn)
 d - a +0 ring mail of fire resistance (worn)
 g - a +0 helmet (worn)
Scrolls
 b - a scroll of teleportation {unknown}
 e - 3 scrolls of identify {unknown}
 h - a scroll of amnesia {unknown}
 k - a scroll of enchant weapon {unknown}


   Skills:
 * Level 3.5 Fighting
 * Level 2.7 Long Blades
 + Level 3.0 Armour
 * Level 0.8 Dodging
 + Level 3.0 Shields
 * Level 0.8 Spellcasting


You had 4 spell levels left.
You didn't know any spells.
Your spell library contained the following spells:

 Spells                   Type           Power      Damage    Failure   Level
 Stone Arrow              Conj/Erth      0%         3d7       100%        3
 Animate Armour           Summ/Erth      0%         N/A       100%        4
 Lehudib's Crystal Spear  Conj/Erth      0%         10d2      100%        8


Dungeon Overview and Level Annotations

Branches:
Dungeon (2/15)

Altars:

Annotations:
D:2 Natasha


Innate Abilities, Weirdness & Mutations

You have hoof-like feet.
You are partially covered in molten scales. (AC +2)


Message History

The endoplasm quivers.
You hit Natasha. You kick Natasha, but do no damage.
Natasha is lightly wounded.
You block the crimson imp's attack. Natasha barely misses you.
You block the crimson imp's attack. Natasha claws you!
The crimson imp blinks!
You hit Natasha but do no damage. Your kick misses Natasha.
Natasha is lightly wounded.
You block Natasha's attack.
The white imp hits you but does no damage.
Natasha claws you. The white imp gestures at you.
The puff of frost hits you but does no damage.
You block Natasha's attack.
Unknown command.
Unknown command.
You slash Natasha! You kick Natasha, but do no damage.
Natasha is heavily wounded.
You feel yourself speed up.
The white imp hits you but does no damage.
The crimson imp hits you.
* * * LOW HITPOINT WARNING * * *
Natasha barely misses you. The white imp puffs mist at you.
The white imp closely misses you. The crimson imp closely misses you.
The endoplasm freezes you.
You are frozen.
* * * LOW HITPOINT WARNING * * *
Natasha casts a spell at you.
You feel yourself slow down. The white imp gestures at you.
The puff of frost hits you but does no damage.
Unknown command.
Unknown command.
Unknown command.
It was a potion of haste.
You feel yourself speed up.
The crimson imp blinks!
The endoplasm freezes you.
You are frozen.
* * * LOW HITPOINT WARNING * * *
Natasha claws you.
You die...

#############
#...........############
..#...........#...........
....5...J.h...'...[.......
#...†)§@....#...........
#.......5...#...........
#...........#...........
#...........#...........
#...........#...........
#...........#####.######
#################.######
..............
#########.#####


You could see Natasha, a crimson imp (summoned), a white imp (summoned) and an
endoplasm.

Vanquished Creatures
  Natasha (D:2)
  Terence (D:2)
  An adder (D:2)
  A worm (D:2)
  A ball python (D:2)
  A giant cockroach (D:2)
  5 hobgoblins
  2 jackals
  4 kobolds
  A bat (D:1)
  A frilled lizard (D:1)
  A goblin (D:2)
  A rat (D:1)
21 creatures vanquished.

Notes
Turn   | Place    | Note
-------+----------+-------------------------------------------
     0 | D:1      | Morbidden the Demonspawn Fighter began the quest for the
                  | Orb.
     0 | D:1      | Reached XP level 1. HP: 18/18 MP: 1/1
   365 | D:1      | Gained mutation: You have large cloven feet. [demonic
                  | ancestry]
   365 | D:1      | Reached XP level 2. HP: 24/24 MP: 2/2
   818 | D:2      | Noticed Terence
   891 | D:2      | Killed Terence
   892 | D:2      | Gained mutation: You are partially covered in molten
                  | scales. (AC +2) [demonic ancestry]
   892 | D:2      | Reached XP level 3. HP: 29/29 MP: 3/3
  1173 | D:2      | Noticed Natasha
  1182 | D:2      | Killed Natasha
  1183 | D:2      | Gained mutation: You have hoof-like feet. [demonic
                  | ancestry]
  1183 | D:2      | Reached XP level 4. HP: 24/35 MP: 3/5
  1185 | D:2      | Noticed Natasha
  1192 | D:2      | Slain by Natasha

Illustrated notes

Levels and vault maps discovered:
D:1:      amcnicky_arrival_single_pillar, layout_rooms
D:2:      layout_basic, grunt_ministairs_8, uniq_natasha, uniq_terence

Skill      XL: |  1  2  3 |
---------------+----------+-----
Long Blades    | 2 |  2.7
Armour         | 3 |  3.0
Shields        | 3 |  3.0
Fighting       | |  3.5
Dodging        | |  0.8
Spellcasting   | |  0.8

Action                   |  1- 3 |  4- 6 || total
-------------------------+-------+-------++-------
Melee: Long sword        |    58 |     4 ||    62
       Kick              |    16 |     2 ||    18
  Use: Potion            |     2 |     1 ||     3
Armor: Scale mail        |    21 |       ||    21
       Ring mail         |     5 |     5 ||    10
Dodge: Dodged            |    20 |     5 ||    25
Block: Kite shield       |    29 |     4 ||    33
       Rpst.: Long sword |     6 |       ||     6

Table legend: (Time is in decaauts)
 A = Elapsed time spent in this place.
 B = Non-inter-level travel time spent in this place.
 C = Inter-level travel time spent in this place.
 D = Time resting spent in this place.
 E = Time spent auto-exploring this place.
 F = Levels seen in this place.
 G = Mean time per level.
                   A        B        C        D        E       F      G
               +--------+--------+--------+--------+--------+-----+--------+
         Total |   1233 |   1175 |     58 |      0 |    859 |   2 |  616.5 |
       Dungeon |   1233 |   1175 |     58 |      0 |    859 |   2 |  616.5 |
               +--------+--------+--------+--------+--------+-----+--------+

Top non-repeatable levels by time:
     D:2: 777 daAuts
     D:1: 456 daAuts
